 Dungeon Crawl Stone Soup version 0.28-a0-1447-ga5a8893891 (webtiles) character file.

Game seed: 125265546034459130

65 fragbeetle the Skirmisher (level 4, -1/40 HPs)
             Began as a Hill Orc Abyssal Knight on Jan 12, 2022.
             Was a Follower of Lugonu.
             Slain by a gnoll (6 damage)
             ... on level 2 of the Dungeon.
             The game lasted 00:04:22 (1839 turns).

fragbeetle the Skirmisher (Hill Orc Abyssal Knight) Turns: 1839, Time: 00:04:23

Health: -1/40      AC:  5    Str: 17    XL:     4   Next: 13%
Magic:  6/6        EV: 10    Int: 10    God:    Lugonu [*.....]
Gold:   48         SH:  0    Dex: 11    Spells: 3/3 levels left

rFire   . . .      SeeInvis .   a - +1 hand axe
rCold   . . .      Faith    .   (no shield)
rNeg    . . .      Spirit   .   f - +0 ring mail
rPois   .          Reflect  .   (no helmet)
rElec   .          Harm     .   (no cloak)
rCorr   .          Rampage  .   (no gloves)
Will    .....                   (no boots)
Stlth   +.........              (no amulet)
HPRegen 0.13/turn               (no ring)
MPRegen 0.10/turn               (no ring)

@: no status effects
A: no striking features
a: Renounce Religion, Depart the Abyss


You were on level 2 of the Dungeon.
You worshipped Lugonu.
Lugonu was aware of your devotion.
You visited 1 branch of the dungeon, and saw 2 of its levels.
You visited the Abyss 1 time.

You collected 48 gold pieces.

Inventory:

Hand Weapons
 a - a +1 hand axe (weapon)
Missiles
 h - 33 stones (quivered)
 m - 2 throwing nets
Armour
 b - a +0 leather armour
 f - a +0 ring mail (worn)
Scrolls
 c - 2 scrolls of fog {unknown}
 d - 2 scrolls of identify {unknown}
 e - a scroll of silence {unknown}
 g - a scroll of magic mapping {unknown}
 i - a scroll of immolation {unknown}
 l - a scroll of noise {unknown}
Potions
 j - a potion of might {unknown}
 k - a potion of degeneration {unknown}


   Skills:
 + Level 4.1 Fighting
 * Level 3.6 Axes
 + Level 2.8 Armour
 + Level 1.4 Dodging
 + Level 3.2 Invocations


You had 3 spell levels left.
You didn't know any spells.
Your spell library contained the following spells:

 Spells                   Type           Power      Damage    Failure   Level
 Sandblast                Erth           0%         2d4       56%         1
 Passwall                 Tmut/Erth      0%         N/A       71%         2
 Stone Arrow              Conj/Erth      0%         3d7       90%         3


Dungeon Overview and Level Annotations

Branches:
Dungeon (2/15)

Altars:
Xom


Message History

The gnoll hits you from afar with a +0 halberd!
The gnoll hits you with a +0 spear.
You hit the gnoll but do no damage. The gnoll closely misses you.
The gnoll barely misses you.
You hit the gnoll but do no damage.
The gnoll hits you from afar with a +0 halberd!
The gnoll closely misses you.
You hit the gnoll. Your punch misses the gnoll.
The gnoll is lightly wounded.
The gnoll hits you but does no damage. The gnoll hits you with a +0 spear.
You hit the gnoll but do no damage.
The gnoll is lightly wounded.
The gnoll closely misses you. The gnoll hits you with a +0 spear.
The gnoll barely misses you.
You hit the gnoll but do no damage.
The gnoll is lightly wounded.
The gnoll hits you with a +0 spear.
* * * LOW HITPOINT WARNING * * *
The gnoll hits you from afar with a +0 halberd.
* * * LOW HITPOINT WARNING * * *
You closely miss the gnoll.
The gnoll is lightly wounded.
The gnoll completely misses you. The gnoll barely misses you.
You hit the gnoll but do no damage.
The gnoll is lightly wounded.
The gnoll barely misses you. The gnoll closely misses you. x2
You barely miss the gnoll.
The gnoll is lightly wounded.
The gnoll closely misses you. x2
You closely miss the gnoll. You punch the gnoll.
The gnoll is lightly wounded.
The gnoll closely misses you. The gnoll barely misses you.
You hit the gnoll but do no damage.
The gnoll is lightly wounded.
The gnoll barely misses you. The gnoll hits you with a +0 spear.
* * * LOW HITPOINT WARNING * * *
You hit the gnoll.
The gnoll is moderately wounded.
The gnoll closely misses you. The gnoll hits you with a +0 spear.
You die...

.... .........# #......# ....
.........# #......#
....##########......#########.###
..>(......# #...........# #.#..
..........# #...........####.#.#
..........# #####'#............#
..........### #.#.............
##+###...†..######.####........##
#...'........gg@..# #........'.
#####.........##### #........##
#.........# #........#
#.........# #######..#
#.........# #..# #...........
##..## #...........# #.....
####........# #..... #........
#.....


You could see 2 gnolls.

Vanquished Creatures
  A gnoll (D:2)
  2 adders (D:2)
  A dart slug (D:1)
  3 bats (D:1)
  2 endoplasms (D:2)
  5 hobgoblins (D:1)
  3 jackals (D:1)
  A kobold (D:2)
  4 quokkas
  5 ball pythons
  3 goblins (D:1)
  2 rats
32 creatures vanquished.

Notes
Turn   | Place    | Note
-------+----------+-------------------------------------------
     0 | Abyss:1  | fragbeetle the Hill Orc Abyssal Knight began the quest for
                  | the Orb.
     0 | Abyss:1  | Reached XP level 1. HP: 19/19 MP: 2/2
    36 | Abyss:1  | Noticed an earth elemental
    54 | Abyss:1  | Noticed a thrashing horror
    79 | Abyss:1  | Noticed a fire bat
    81 | D:1      | Escaped the Abyss
   196 | D:1      | Reached skill level 1 in Dodging
   196 | D:1      | Reached XP level 2. HP: 23/27 MP: 3/3
   299 | D:1      | Reached * piety under Lugonu
   750 | D:1      | Reached XP level 3. HP: 28/33 MP: 5/5
   990 | D:2      | Reached skill level 4 in Fighting
  1627 | D:2      | Reached XP level 4. HP: 40/40 MP: 6/6
  1809 | D:2      | Found a shimmering altar of Xom.
  1839 | D:2      | Slain by a gnoll

Illustrated notes

Levels and vault maps discovered:
D:1:      shiori_arrival_elements, layout_loops_ring, minmay_tree_intersection
D:2:      layout_basic, basic_altar, st_stairs_3, grunt_ministairs_14

Skill      XL: |  1  2  3 |
---------------+----------+-----
Dodging        | 1 |  1.4
Axes           | 3 |  3.6
Fighting       | 4 |  4.1
Invocations    | 3 |  3.2
Armour         | |  2.8

Action                   |  1- 3 |  4- 6 || total
-------------------------+-------+-------++-------
Melee: Hand axe          |   107 |    16 ||   123
       Punch             |     1 |     1 ||     2
Throw: Stone             |       |     1 ||     1
Invok: Depart the Abyss  |     1 |       ||     1
Armor: Leather armour    |    17 |       ||    17
       Ring mail         |    14 |     2 ||    16
Dodge: Dodged            |    71 |    21 ||    92

Table legend: (Time is in decaauts)
 A = Elapsed time spent in this place.
 B = Non-inter-level travel time spent in this place.
 C = Inter-level travel time spent in this place.
 D = Time resting spent in this place.
 E = Time spent auto-exploring this place.
 F = Levels seen in this place.
 G = Mean time per level.
                   A        B        C        D        E       F      G
               +--------+--------+--------+--------+--------+-----+--------+
         Total |   1857 |   1857 |      0 |    316 |   1033 |   3 |  619.0 |
       Dungeon |   1776 |   1776 |      0 |    316 |   1033 |   2 |  888.0 |
         Abyss |     81 |     81 |      0 |      0 |      0 |   1 |   81.0 |
               +--------+--------+--------+--------+--------+-----+--------+

Top non-repeatable levels by time:
     D:1: 1131 daAuts
     D:2: 644 daAuts
 Abyss:1: 81 daAuts
